 Dungeon Crawl Stone Soup version 0.30.0-29-ga12c61a403 (webtiles) character file.

Game seed: 5793342948557133819

132 monsoonserge the Fighter (level 5, -8/51 HPs)
             Began as a Gnoll Wanderer on June 12, 2023.
             Was an Initiate of Okawaru.
             Killed by divine providence
             ... invoked by an orc priest
              (11 damage)
             ... on level 4 of the Dungeon.
             The game lasted 00:08:45 (2748 turns).

monsoonserge the Fighter (Gnoll Wanderer)           Turns: 2748, Time: 00:08:47

Health: -8/51      AC: 14    Str: 10 (12) XL:     5   Next: 15%
Magic:  0/12       EV:  5    Int: 10 (13) God:    Okawaru [......]
Gold:   167        SH:  3    Dex: 10 (11) Spells: 13/14 levels left

rFire   + . .        a - +1 flail
rCold   . . .        l - +0 buckler
rNeg    . . .        y - +2 chain mail {rF+}
rPois   .            (no helmet)
rElec   .            z - +2 cloak
rCorr   .            (no gloves)
SInv    +            (no boots)
Will    .....        u - amulet of guardian spirit Stlth
                     e - ring of flight
HPRegen 0.28/turn    r - ring of see invisible
MPRegen 0.13/turn

%: guardian spirit
@: flying
A: fangs 1, strong nose, distributed training
a: Renounce Religion


You were on level 4 of the Dungeon.
You worshipped Okawaru.
Okawaru was noncommittal.
You visited 2 branches of the dungeon, and saw 5 of its levels.

You collected 167 gold pieces.

Inventory:

Hand Weapons
 a - a +1 flail (weapon)
 F - a +2 dagger of holy wrath
Missiles
 p - 22 poisoned darts (quivered)
 A - 2 javelins
Armour
 l - a +0 buckler (worn)
 t - a +0 ring mail
 y - a +2 chain mail of fire resistance (worn)
 z - a +2 cloak (worn)
 E - a +0 leather armour
 G - a +0 robe of cold resistance
Magical Staves
 x - a staff of fire
Jewellery
 e - a ring of flight (left hand)
 r - a ring of see invisible (right hand)
 u - an amulet of guardian spirit (around neck)
 C - a +6 ring of intelligence
Wands
 v - a wand of flame (60)
Scrolls
 b - a scroll of butterflies
 c - 2 scrolls of immolation {unknown}
 f - 3 scrolls of teleportation {unknown}
 g - a scroll of silence {unknown}
 h - 3 scrolls of blinking {unknown}
 i - a scroll of poison {unknown}
 j - a scroll of amnesia {unknown}
 m - 6 scrolls of identify {unknown}
 s - a scroll of vulnerability {unknown}
 w - a scroll of magic mapping {unknown}
 D - a scroll of fog {unknown}
Potions
 d - a potion of curing
 k - 3 potions of flight
 q - a potion of resistance {unknown}
 B - a potion of heal wounds {unknown}


   Skills:
 + Level 8.6 Fighting
 + Level 1.4 Short Blades
 + Level 1.4 Long Blades
 + Level 1.4 Axes
 + Level 4.7 Maces & Flails
 + Level 1.4 Polearms
 + Level 1.4 Staves
 + Level 1.4 Ranged Weapons
 + Level 1.4 Throwing
 + Level 2.9 Armour
 + Level 2.9 Dodging
 + Level 1.4 Stealth
 + Level 1.4 Shields
 + Level 1.4 Unarmed Combat
 + Level 5.2 Spellcasting
 + Level 1.1 Conjurations
 + Level 1.1 Hexes
 + Level 1.1 Summonings
 + Level 1.1 Necromancy
 + Level 1.1 Translocations
 + Level 1.1 Transmutations
 + Level 1.1 Fire Magic
 + Level 1.1 Ice Magic
 + Level 1.1 Air Magic
 + Level 1.1 Earth Magic
 + Level 1.1 Poison Magic
 + Level 1.6 Invocations
 + Level 1.4 Evocations


You had 13 spell levels left.
You knew the following spells:

 Your Spells              Type           Power      Damage    Failure   Level
a - Necrotise             Necr           16%        1d4       100%        1

Your spell library contained the following spells:

 Spells                   Type           Power      Damage    Failure   Level
 Vampiric Draining        Necr           4%         2d6       100%        3


Dungeon Overview and Level Annotations

Branches:
Dungeon (4/15)             Temple (1/1) D:4

Altars:
Ashenzari
Cheibriados
Dithmenos
Elyvilon
Gozag
Hepliaklqana
Kikubaaqudgha
Makhleb
Nemelex Xobeh
Okawaru
Qazlal
Sif Muna
Uskayaw
Vehumet
Wu Jian
Xom
Yredelemnul
Zin
The Shining One


Innate Abilities, Weirdness & Mutations

You have very sharp teeth.
Your uncanny sense of smell can sniff out nearby items.
Your experience applies equally to all skills.


Message History

An orc comes into view. It is wielding a +0 hand axe.
The orc hits you but does no damage.
You barely miss the orc.
The orc priest mumbles some strange prayers to Beogh against you.
Beogh smites you! The orc hits you but does no damage.
You closely miss the orc.
An orc wizard comes into view. It is wielding a +0 dagger.
The orc hits you but does no damage.
You closely miss the orc. You bite the orc, but do no damage.
You block the orc's attack.
Okay, then.
Okay, then.
Okay, then.
Okay, then.
It was a potion of curing.
You feel better.
The orc priest calls down the wrath of Beogh upon you.
Beogh smites you!
* * * LOW HITPOINT WARNING * * *
The orc hits you but does no damage.
An endoplasm comes into view.
The endoplasm quivers.
It was a potion of flight.
You feel more buoyant.
The orc priest invokes the aid of Beogh against you.
Beogh smites you!
* * * LOW HITPOINT WARNING * * *
The orc hits you but does no damage.
It was a potion of cancellation.
Your magical effects are unravelling.
You feel magically purged.
The orc priest looks satisfied for a moment.
The orc completely misses you.
It was a potion of degeneration.
There was something very wrong with that liquid.
You feel weakened.
You feel dopey.
You feel clumsy.
The orc wizard casts a spell.
The orc wizard flickers and vanishes for a moment.
The orc priest calls down the wrath of Beogh upon you.
Beogh smites you!
You die...

# . ∆ # #
###########..
## #
#....@ooooJ..
.## .#
##.†####ooo...
..# ..# #.###
#...# ..####.#
#.# ###
.......# #.##
.....### #..#
##..## ##.#
#..# #.# ##.#
#.#


You could see 2 orc priests, an orc wizard (invisible), 4 orcs and an endoplasm.

Vanquished Creatures
  A hound (D:4)
  4 adders
  A dart slug (D:3)
  5 orcs
  6 ball pythons
  8 bats
  5 endoplasms
  A giant cockroach (D:4)
  2 goblins (D:3)
  6 hobgoblins
  3 quokkas
  A frilled lizard (D:3)
  3 kobolds
  4 rats
50 creatures vanquished.

Vanquished Creatures (collateral kills)
  A rat (D:2)
1 creature vanquished.

Vanquished Creatures (others)
  Jessica (D:3)
1 creature vanquished.

Grand Total: 52 creatures vanquished

Notes
Turn   | Place    | Note
-------+----------+-------------------------------------------
     0 | D:1      | monsoonserge the Gnoll Wanderer began the quest for the
                  | Orb.
     0 | D:1      | monsoonserge set off with the following items: a +1 flail,
                  | a scroll of butterflies, a +0 robe; and the following spell
                  | memorised: Necrotise; and the following spells available to
                  | memorise: Vampiric Draining.
     0 | D:1      | Reached XP level 1. HP: 26/26 MP: 6/6
   222 | D:1      | Reached XP level 2. HP: 33/33 MP: 1/7
   885 | D:2      | Reached skill level 5 in Spellcasting
   885 | D:2      | Reached XP level 3. HP: 33/38 MP: 3/9
   993 | D:2      | Found a shadowy altar of Dithmenos.
  1062 | D:2      | Reached skill level 1 in Invocations
  1619 | D:3      | Reached skill level 1 in Short Blades
  1619 | D:3      | Reached skill level 1 in Long Blades
  1619 | D:3      | Reached skill level 1 in Axes
  1619 | D:3      | Reached skill level 1 in Polearms
  1619 | D:3      | Reached skill level 1 in Staves
  1619 | D:3      | Reached skill level 1 in Ranged Weapons
  1619 | D:3      | Reached skill level 1 in Throwing
  1619 | D:3      | Reached skill level 1 in Stealth
  1619 | D:3      | Reached skill level 1 in Shields
  1619 | D:3      | Reached skill level 1 in Unarmed Combat
  1619 | D:3      | Reached skill level 1 in Evocations
  1904 | D:3      | Reached XP level 4. HP: 45/45 MP: 9/11
  2180 | D:3      | Noticed Jessica
  2194 | D:3      | Killed Jessica
  2204 | D:3      | Found a shimmering blue altar of Sif Muna.
  2384 | D:4      | Found a staircase to the Ecumenical Temple.
  2394 | Temple   | Entered the Ecumenical Temple
  2501 | Temple   | Became a worshipper of Warmaster Okawaru
  2595 | D:4      | Reached skill level 1 in Conjurations
  2595 | D:4      | Reached skill level 1 in Hexes
  2595 | D:4      | Reached skill level 1 in Summonings
  2595 | D:4      | Reached skill level 1 in Necromancy
  2595 | D:4      | Reached skill level 1 in Translocations
  2595 | D:4      | Reached skill level 1 in Transmutations
  2595 | D:4      | Reached skill level 1 in Fire Magic
  2595 | D:4      | Reached skill level 1 in Ice Magic
  2595 | D:4      | Reached skill level 1 in Air Magic
  2595 | D:4      | Reached skill level 1 in Earth Magic
  2595 | D:4      | Reached skill level 1 in Poison Magic
  2630 | D:4      | Reached XP level 5. HP: 50/51 MP: 10/12
  2746 | D:4      | HP: 2/51 [orc priest/divine providence (13)]
  2748 | D:4      | Killed from afar by an orc priest

Illustrated notes

Levels and vault maps discovered:
D:1:      psy_arrival_basics, layout_loops_ring, chequers_serial_rivers_micro_d
D:2:      layout_loops_ring, basic_altar
D:3:      layout_loops_ring, tgw_sif, minmay_misc_feat_tower, nicolae_titane
D:4:      layout_layer_cave, minmay_temple_entry_slanted, hex_medium,
          minmay_quantized
Temple:   mainiacjoe_temple_coin_purse

Skill      XL: |  1  2  3  4 |
---------------+-------------+-----
Spellcasting   | 5 |  5.2
Invocations    | 1 |  1.6
Short Blades   | 1 |  1.4
Long Blades    | 1 |  1.4
Axes           | 1 |  1.4
Polearms       | 1 |  1.4
Staves         | 1 |  1.4
Ranged Weapons | 1 |  1.4
Throwing       | 1 |  1.4
Stealth        | 1 |  1.4
Shields        | 1 |  1.4
Unarmed Combat | 1 |  1.4
Evocations     | 1 |  1.4
Conjurations   | 1 |  1.1
Hexes          | 1 |  1.1
Summonings     | 1 |  1.1
Necromancy     | 1 |  1.1
Translocations | 1 |  1.1
Transmutations | 1 |  1.1
Fire Magic     | 1 |  1.1
Ice Magic      | 1 |  1.1
Air Magic      | 1 |  1.1
Earth Magic    | 1 |  1.1
Poison Magic   | 1 |  1.1
Fighting       | |  8.6
Maces & Flails | |  4.7
Armour         | |  2.9
Dodging        | |  2.9

Action                     |  1- 3 |  4- 6 || total
---------------------------+-------+-------++-------
  Melee: Flail             |    84 |    52 ||   136
         Bite              |     3 |     9 ||    12
  Throw: Dart              |       |     2 ||     2
   Cast: Necrotise         |    23 |       ||    23
    Use: Potion            |       |     4 ||     4
   Stab: Sleeping          |     1 |       ||     1
 Armour: Robe              |    10 |       ||    10
         Chain mail        |    21 |    35 ||    56
         Ring mail         |    12 |       ||    12
  Dodge: Dodged            |    66 |    20 ||    86
  Block: Buckler           |     9 |     9 ||    18
